 Dungeon Sprint DCSS version 0.22-a0-567-gff9aefc (webtiles) character file.

179 emperorscorpion the Skirmisher (level 5, -24/55 HPs)
             Began as a Naga Fighter on June 29, 2018.
             Was an Initiate of Cheibriados.
             Annihilated by a two-headed ogre
             ... wielding a +0 giant spiked club
              (28 damage)
             ... in the Dungeon (Sprint IX: "|||||||||||||||||||||||||||||").
             The game lasted 00:01:36 (369 turns).

emperorscorpion the Skirmisher (Naga Fighter)        Turns: 369, Time: 00:01:38

Health: -24/55     AC:  7    Str: 24    XL:     5   Next: 59%
Magic:  5/5        EV:  6    Int:  9    God:    Cheibriados [......]
Gold:   0          SH: 10    Dex: 14    Spells: 4/4 levels left

rFire    . . .     SeeInvis +     - Unarmed
rCold    . . .     Gourm    .   b - +0 shield
rNeg     . . .     Faith    .   a - +0 scale mail
rPois    +         Spirit   .   (no helmet)
rElec    .         Reflect  .   p - +0 cloak
rCorr    .         Harm     .   (no gloves)
MR       .....     NoTele   +   (no barding)
Stlth    ..........             (no amulet)
HPRegen  0.18/turn              q - +3 ring of strength
MPRegen  0.09/turn              r - +3 ring of dexterity

@: very slow
A: large, see invisible, deformed body, poison resistance, slowness 2, slow
metabolism 1, spit poison 1, AC +1
a: Spit Poison, Bend Time, Renounce Religion


You were in the Dungeon.
You worshipped Cheibriados.
Cheibriados was noncommittal.
You were not hungry.

You visited 1 branch

Inventory:

Armour
 a - a +0 scale mail (worn)
 b - a +0 shield (worn)
 p - a +0 cloak (worn)
Magical Staves
 o - an uncursed staff of energy
Jewellery
 q - a +3 ring of strength (left hand)
 r - a +3 ring of dexterity (right hand)
Wands
 n - a wand of acid (10)
Scrolls
 j - 2 scrolls of blinking
 l - 3 scrolls of remove curse
 m - 2 scrolls of amnesia
Potions
 c - a potion of might
 e - 5 potions of curing
 f - 3 potions of heal wounds
 g - a potion of haste
 h - 4 potions of magic
 i - a potion of invisibility
Comestibles
 d - a ration
 k - a chunk of flesh


   Skills:
 + Level 6.0 Fighting
 + Level 5.4 Armour
 + Level 5.2 Shields
 + Level 5.5 Unarmed Combat


You had 4 spell levels left.
You didn't know any spells.
Your spell library was empty.

Dungeon Overview and Level Annotations

Branches:
Dungeon (1/1)

Altars:
Cheibriados
Dithmenos
Elyvilon
Fedhas
Gozag
Hepliaklqana
Kikubaaqudgha
Makhleb
Nemelex Xobeh
Okawaru
Qazlal
Ru
Sif Muna
Trog
Uskayaw
Vehumet
Wu Jian
Xom
Yredelemnul
Zin
The Shining One
Beogh
Jiyva
Lugonu


Innate Abilities, Weirdness & Mutations

You cannot wear boots.
Your serpentine skin is tough. (AC +1)
You have supernaturally acute eyesight. (SInv)
Armour fits poorly on your strangely shaped body.
Your system is resistant to poisons. (rPois)
You cover ground very slowly.
You have a slow metabolism.
You can spit poison.


Message History

An adder, a bullfrog, an orc wizard, a centaur, a two-headed ogre and a skeleton come into view.
The two-headed ogre shouts in stereo!
The adder hisses angrily.
The orc wizard shouts!
The centaur shouts!
You punch the two-headed ogre!
The two-headed ogre is moderately wounded.
The two-headed ogre hits you with a giant spiked club!!
The two-headed ogre hits you with a giant club!
You barely miss the two-headed ogre.
The two-headed ogre is moderately wounded.
You barely miss the two-headed ogre.
The two-headed ogre is moderately wounded.
The two-headed ogre completely misses you.
The two-headed ogre barely misses you.
You punch the two-headed ogre!
The two-headed ogre is moderately wounded.
The two-headed ogre hits you with a giant spiked club!
* * * LOW HITPOINT WARNING * * *
The two-headed ogre hits you with a giant club!!
Ouch! That really hurt!
You die... ▓▓▓▓▓▓▓▓▓▓▓▓▓▓▓▓▓▓▓▓▓▓▓▓ _______'...).[[.@OFZSoc. ▓▓▓▓▓▓▓▓▓▓▓▓▓▓▓▓▓▓▓▓▓▓▓▓

You could see a two-headed ogre, a bullfrog, a centaur, an orc wizard, an adder and a bat skeleton.

Vanquished Creatures
  A sky beast (D)
  A centaur (D)
  A worm (D)
  A dart slug (D)
  A bat zombie (D)
  2 goblins (D)
  A jackal (D)
  A quokka (D)
  A rat (D)
10 creatures vanquished.

Notes
Turn   | Place    | Note
-------+----------+-------------------------------------------
     0 | D        | emperorscorpion the Naga Fighter began the quest for the Orb.
     0 | D        | Reached XP level 1. HP: 21/21 MP: 1/1
    23 | D        | Reached XP level 2. HP: 15/28 MP: 2/2
   158 | D        | Noticed a sky beast
   158 | D        | Noticed a centaur
   167 | D        | Killed a sky beast
   167 | D        | Reached skill level 5 in Fighting
   167 | D        | Reached XP level 3. HP: 39/39 MP: 3/3
   167 | D        | Reached XP level 4. HP: 46/46 MP: 4/4
   177 | D        | Killed a centaur
   177 | D        | Reached skill level 6 in Fighting
   177 | D        | Reached skill level 5 in Armour
   177 | D        | Reached skill level 5 in Shields
   177 | D        | Reached skill level 5 in Unarmed Combat
   177 | D        | Reached XP level 5. HP: 55/55 MP: 5/5
   219 | D        | Found a roughly hewn altar of Beogh.
   219 | D        | Found a snail-covered altar of Cheibriados.
   219 | D        | Found a shadowy altar of Dithmenos.
   219 | D        | Found a white marble altar of Elyvilon.
   219 | D        | Found a blossoming altar of Fedhas.
   219 | D        | Found an opulent altar of Gozag.
   220 | D        | Found a hazy altar of Hepliaklqana.
   221 | D        | Found a viscous altar of Jiyva.
   222 | D        | Found an ancient bone altar of Kikubaaqudgha.
   223 | D        | Found a corrupted altar of Lugonu.
   224 | D        | Found a burning altar of Makhleb.
   229 | D        | Became a worshipper of Cheibriados the Contemplative
   232 | D        | Found a sparkling altar of Nemelex Xobeh.
   233 | D        | Found an iron altar of Okawaru.
   234 | D        | Found a stormy altar of Qazlal.
   235 | D        | Found a sacrificial altar of Ru.
   236 | D        | Found a deep blue altar of Sif Muna.
   237 | D        | Found a bloodstained altar of Trog.
   238 | D        | Found a hide-covered altar of Uskayaw.
   239 | D        | Found a radiant altar of Vehumet.
   240 | D        | Found an ornate altar of the Wu Jian Council.
   241 | D        | Found a shimmering altar of Xom.
   242 | D        | Found a basalt altar of Yredelemnul.
   243 | D        | Found a glowing silver altar of Zin.
   244 | D        | Found a glowing golden altar of the Shining One.
   253 | D        | Found the +8 demon blade "Bloodbane" {slice, *Rage +Rage Stlth-}
   365 | D        | Noticed a two-headed ogre
   365 | D        | Noticed a centaur
   369 | D        | Annihilated by a two-headed ogre

Vault maps used:
D:        linesprint

Skill      XL: |  1  2  3  4 |
---------------+-------------+-----
Armour         | 3 4 5 |  5.4
Fighting       | 5 6 |  6.0
Shields        | 4 5 |  5.2
Unarmed Combat | 4 5 |  5.5

Action                   |  1- 3 |  4- 6 || total
-------------------------+-------+-------++-------
Melee: Unarmed           |    28 |    41 ||    69
  Use: Potion            |     1 |       ||     1
Armor: Scale mail        |     5 |     6 ||    11
Dodge: Dodged            |     5 |     8 ||    13
Block: Shield            |     7 |    13 ||    20

Table legend:
 A = Spawn XP
 B = Non-spawn XP
 C = Spawn XP percentage of total XP
 D = Spawn monster count
 E = Non-spawn monster count
 F = Spawn count percentage of total count
 G = Total turns spent on level
                    A         B        C        D         E        F      G
               +---------+---------+-------+---------+---------+-------+---------
         Total |       0 |     256 |   0.0 |       0 |      10 |   0.0 |   369
               +---------+---------+-------+---------+---------+-------+---------
             D |       0 |     256 |   0.0 |       0 |      10 |   0.0 |   369
               +---------+---------+-------+---------+---------+-------+---------
